 Dungeon Crawl Stone Soup version 0.28.0-53-g5a82cb258f (webtiles) character file.

Game seed: 3630525271465555237

168 Peloso the Covered (level 5, -4/47 HPs)
             Began as a Minotaur Fighter on Aug 14, 2022.
             Slain by Edmund
             ... wielding a +2 dire flail of protection
              (7 damage)
             ... on level 4 of the Dungeon.
             The game lasted 00:03:27 (2851 turns).

Peloso the Covered (Minotaur Fighter)               Turns: 2851, Time: 00:03:28

Health: -4/47      AC:  7    Str: 21    XL:     5   Next: 23%
Magic:  4/4        EV: 10    Int:  5    God:
Gold:   34         SH:  5    Dex: 17    Spells: 4/4 levels left

rFire   . . .      SeeInvis .   a - +0 long sword
rCold   . . .      Faith    .   c - +0 buckler
rNeg    . . .      Spirit   .   b - +0 scale mail
rPois   .          Reflect  .   (helmet restricted)
rElec   .          Harm     .   (no cloak)
rCorr   .          Rampage  .   (no gloves)
Will    .....                   (no boots)
Stlth   ..........              (no amulet)
HPRegen 0.15/turn               f - +6 ring of dexterity
MPRegen 0.09/turn               (no ring)

@: no status effects
A: horns 2, retaliatory headbutt
a: no special abilities


You were on level 4 of the Dungeon.
You visited 1 branch of the dungeon, and saw 4 of its levels.

You collected 140 gold pieces.
You spent 106 gold pieces at shops.

Inventory:

Hand Weapons
 a - a +0 long sword (weapon)
Armour
 b - a +0 scale mail (worn)
 c - a +0 buckler (worn)
Jewellery
 f - a +6 ring of dexterity (left hand)
 m - an amulet of the acrobat
 o - a ring of positive energy
Wands
 i - a wand of polymorph (9)
Scrolls
 e - a scroll of fear {unknown}
 g - 3 scrolls of teleportation {unknown}
 h - a scroll of enchant armour {unknown}
 j - a scroll of identify {unknown}
 n - 2 scrolls of noise {unknown}
 p - a scroll of torment {unknown}
 q - a scroll of enchant weapon {unknown}
Potions
 d - a potion of might
 k - 4 potions of curing {unknown}
 l - a potion of attraction {unknown}


   Skills:
 + Level 4.4 Fighting
 + Level 3.7 Long Blades
 + Level 5.0 Armour
 + Level 1.7 Dodging
 + Level 4.4 Shields


You had 4 spell levels left.
You didn't know any spells.
Your spell library contained the following spells:

 Spells                   Type           Power      Damage    Failure   Level
 Animate Skeleton         Necr           0%         N/A       87%         1
 Pain                     Necr           0%         1d4       87%         1
 Stone Arrow              Conj/Erth      0%         3d7       99%         3
 Vampiric Draining        Necr           0%         2d6       99%         3
 Animate Armour           Summ/Erth      0%         N/A       100%        4
 Lehudib's Crystal Spear  Conj/Erth      0%         10d2      100%        8


Dungeon Overview and Level Annotations

Branches:
Dungeon (4/15)
 Temple: D:4-7

Altars:
Hepliaklqana

Shops:
D:4 *[

Annotations:
D:2 Sigmund
D:3 2 transporters, Labrat's ghost, amateur DgCj
D:4 Edmund


Innate Abilities, Weirdness & Mutations

You have a pair of horns on your head.
You reflexively headbutt those who attack you in melee.


Message History

Your Armour skill increases to level 5!
Found a curved smoking staff.
You see here a staff of air.
A goblin comes into view. It is wielding a +0 dagger.
Found 8 gold pieces.
The goblin shouts!
You hear a shout!
Edmund the Younger comes into view.
He is wielding a +2 dire flail of protection.
You see here 8 gold pieces.
You closely miss the goblin. The goblin barely misses you.
You slash the goblin!
You kill the goblin!
Found a glass wand.
Edmund hits you with a +2 dire flail of protection!
You see here a +0 dagger.
You barely miss Edmund. You headbutt Edmund!
Edmund is moderately wounded.
Edmund hits you with a +2 dire flail of protection.
You hit Edmund but do no damage.
Edmund is moderately wounded.
Edmund hits you with a +2 dire flail of protection. x2
You hit Edmund but do no damage.
Edmund is moderately wounded.
Edmund hits you with a +2 dire flail of protection.
You barely miss Edmund.
Edmund is moderately wounded.
You block Edmund's attack.
You hit Edmund but do no damage.
Edmund is moderately wounded.
Edmund hits you with a +2 dire flail of protection!
You hit Edmund but do no damage. You headbutt Edmund.
Edmund is moderately wounded.
You block Edmund's attack. Edmund closely misses you.
You hit Edmund.
Edmund is moderately wounded.
Edmund hits you with a +2 dire flail of protection!
* * * LOW HITPOINT WARNING * * *
You hit Edmund.
Edmund is heavily wounded.
Edmund hits you with a +2 dire flail of protection!
You die...

############
#######..........#
........########.#
..............^.$#
...#.##.#######.@#
#.##.##.........@.......
#|##.##########......./.
#.##.# .....##### #.##.#
......# #.##.# ........
..##.# #.###..### #....#
.. #... ###..#####.


You could see Edmund.

Vanquished Creatures
  A scorpion (D:4)
  2 gnolls
  An adder (D:2)
  A white imp (D:4)
  An ufetubus (D:4)
  3 worms
  2 dart slugs
  5 bats
  4 endoplasms (D:1)
  5 giant cockroaches
  7 goblins
  7 hobgoblins
  2 quokkas
  2 ball pythons
  3 frilled lizards (D:1)
  4 kobolds
  5 rats
55 creatures vanquished.

Vanquished Creatures (others)
  6 plants (D:3)
6 creatures vanquished.

Grand Total: 61 creatures vanquished

Notes
Turn   | Place    | Note
-------+----------+-------------------------------------------
     0 | D:1      | Peloso the Minotaur Fighter began the quest for the Orb.
     0 | D:1      | Reached XP level 1. HP: 19/19 MP: 0/0
   184 | D:1      | Found a faded altar of an unknown god.
   188 | D:1      | Reached XP level 2. HP: 24/27 MP: 1/1
   219 | D:1      | Reached skill level 4 in Armour
   525 | D:1      | Reached XP level 3. HP: 33/33 MP: 2/2
  1254 | D:2      | Reached XP level 4. HP: 40/40 MP: 3/3
  1382 | D:2      | Noticed Sigmund
  1655 | D:3      | Found a transporter.
  1656 | D:3      | Found a transporter.
  1668 | D:3      | Noticed Labrat's ghost (amateur DgCj)
  1980 | D:3      | Found a hazy altar of Hepliaklqana.
  2185 | D:4      | Found Ciuba's Armour Shoppe.
  2217 | D:4      | Noticed a scorpion
  2234 | D:4      | Killed a scorpion
  2235 | D:4      | Reached skill level 1 in Dodging
  2235 | D:4      | Reached XP level 5. HP: 9/47 MP: 4/4
  2523 | D:4      | Found Seudo's Assorted Antiques.
  2530 | D:4      | Bought a scroll labelled ATAANO ZAKLUO for 28 gold pieces
  2530 | D:4      | Bought a scroll labelled ITOBAT BEORPH for 28 gold pieces
  2530 | D:4      | Bought 2 orange potions for 50 gold pieces
  2720 | D:4      | Found Pumalebi's Assorted Antiques.
  2802 | D:4      | Reached skill level 5 in Armour
  2840 | D:4      | Noticed Edmund
  2851 | D:4      | Slain by Edmund

Illustrated notes

Levels and vault maps discovered:
D:1:      mrwooster_arrival_statue_3, layout_loops_cross,
          chequers_ecumenical_altar_twisty, minmay_surrounded
D:2:      layout_basic, minmay_between, uniq_sigmund
D:3:      layout_loops_corners, nzn_hepliaklqana_mist_gate,
          gammafunk_ghost_gnarly_gnolls, minmay_misc_feat_x
D:4:      layout_loops_ring, serial_shops, shop, nicolae_square_shop,
          nicolae_lakefront_shop, uniq_edmund

Skill      XL: |  1  2  3  4  5 |
---------------+----------------+-----
Fighting       | 4 |  4.4
Armour         | 4 5 |  5.0
Shields        | 4 |  4.4
Long Blades    | 3 |  3.7
Dodging        | 1 |  1.7

Action                   |  1- 3 |  4- 6 || total
-------------------------+-------+-------++-------
Melee: Long sword        |    79 |    54 ||   133
       Headbutt          |    10 |     9 ||    19
Armor: Scale mail        |    53 |    23 ||    76
Dodge: Dodged            |    43 |    15 ||    58
Block: Buckler           |    27 |     5 ||    32
